 Dungeon Crawl Stone Soup version 0.21-a0-26-g7b23a2f (webtiles) character file.

115 poirepourri the Shield-Bearer (level 5, 0/49 HPs)
             Began as a Gargoyle Fighter on May 25, 2017.
             Slain by Sigmund
             ... wielding a +0 scythe
              (6 damage)
             ... on level 3 of the Dungeon.
             The game lasted 00:02:57 (1792 turns).

poirepourri the Shield-Bearer (Gargoyle Fighter)    Turns: 1792, Time: 00:02:58

Health: 0/49       AC: 13    Str: 25    XL:     5   Next: 0%
Magic:  5/5        EV:  8    Int:  8    God:
Gold:   75         SH: 10    Dex: 10    Spells: 4/4 levels left

rFire    x . .     SeeInvis .   a - +1 flail
rCold    + . .     Gourm    .   c - +0 shield
rNeg     + . .     Faith    .   b - +0 scale mail
rPois    ∞         Spirit   .   (no helmet)
rElec    +         Reflect  .   (no cloak)
rCorr    .         Harm     .   i - +0 pair of gloves
MR       .....                  g - +0 pair of boots
Stlth    ..........             (no amulet)
Regen    0.2/turn               f - ring of ice
MPRegen  0.1/turn               (no ring)

@: berserking, very quick
A: negative energy resistance 1, electricity resistance, unbreathing,
petrification resistance, rot immunity, AC +4
a: no special abilities


You were on level 3 of the Dungeon.
You were not hungry.

You visited 1 branch of the dungeon, and saw 3 of its levels.

You collected 75 gold pieces.

Inventory:

Hand Weapons
 a - a +1 flail (weapon)
Missiles
 e - 15 poisoned needles
Armour
 b - a +0 scale mail (worn)
 c - a +0 shield (worn)
 g - a +0 pair of boots (worn)
 i - a +0 pair of gloves (worn)
Jewellery
 f - a ring of ice (left hand)
 m - a cursed ring of teleportation {unknown}
Scrolls
 h - a scroll of remove curse
Potions
 d - 2 potions of might
 k - a potion of heal wounds {unknown}
 l - a potion of berserk rage
 o - 2 potions of flight {unknown}


   Skills:
 + Level 3.7 Fighting
 + Level 3.3 Maces & Flails
 - Level 3.2 Armour
 + Level 0.7 Dodging
 + Level 4.6 Shields


You had 4 spell levels left.
You didn't know any spells.

Dungeon Overview and Level Annotations

Branches:
Dungeon (3/15)

Altars:
Ashenzari
Elyvilon
Okawaru
Wu Jian

Annotations:
D:3 Sigmund


Innate Abilities, Weirdness & Mutations

You are resistant to torment.
Your stone body is resilient. (AC +4)
You are immune to poison.
You resist negative energy. (rN+)
You are resistant to electric shocks. (rElec)
You can survive without breathing.
You are immune to petrification.
You are immune to rotting.


Message History

You barely miss something. You hit something.
You feel a little less mighty now. Something hits you but does no damage.
You closely miss something. You miss something.
Something hits you but does no damage.
Your shield prevents you from hitting something.
You barely miss something.
You hear some strange, mumbled words.
A magic dart appears from out of thin air!
The magic dart hits you!
You completely miss something. Something hits you but does no damage.
You barely miss something. You block something's attack.
You closely miss something. You miss something.
You hear some strange, mumbled words.
A magic dart appears from out of thin air!
The magic dart hits you!
You closely miss something. Something hits you.
You die...

########
#....).#
#....†)#######
#....?.@{....#
#?.........[...
####.....##....
###...........
#####.......####
.
............####
................
............#.##
............#...


There were no monsters in sight!

Vanquished Creatures
  4 gnolls (D:3)
  2 adders (D:2)
  A worm (D:3)
  3 dart slugs
  4 leopard geckos
  3 giant cockroaches
  3 hobgoblins
  A quokka (D:2)
  4 bats
  5 frilled lizards
  5 goblins
  11 kobolds
  3 rats
49 creatures vanquished.

Notes
Turn   | Place    | Note
-------+----------+-------------------------------------------
     0 | D:1      | poirepourri the Gargoyle Fighter began the quest for the Orb.
     0 | D:1      | Reached XP level 1. HP: 14/14 MP: 1/1
   176 | D:1      | Reached XP level 2. HP: 19/19 MP: 2/2
   767 | D:2      | Found a white marble altar of Elyvilon.
   866 | D:2      | Reached XP level 3. HP: 23/23 MP: 3/3
  1151 | D:2      | Reached skill level 4 in Shields
  1394 | D:2      | Reached XP level 4. HP: 28/28 MP: 4/4
  1614 | D:2      | Found an ornate altar of the Wu Jian Council.
  1616 | D:2      | Found a shattered altar of Ashenzari.
  1687 | D:3      | Found an iron altar of Okawaru.
  1750 | D:3      | Noticed Sigmund
  1767 | D:3      | Reached XP level 5. HP: 13/33 MP: 5/5
  1792 | D:3      | Slain by Sigmund

Vault maps used:
D:1:      saegor_arrival_simple_d, feat_on_display
D:2:      nicolae_overflow_hidden_temple, kennysheep_flooded_box
D:3:      lightli_temple_of_fire, first_bread, okawaru_metal_pillars_1_2,
          uniq_sigmund

Skill      XL: |  1  2  3  4 |
---------------+-------------+-----
Shields        | 4 |  4.6
Maces & Flails | 3 |  3.3
Fighting       | |  3.7
Armour         | |  3.2
Dodging        | |  0.7

Action                   |  1- 3 |  4- 6 || total
-------------------------+-------+-------++-------
Melee: Flail             |   110 |    74 ||   184
  Use: Scroll            |     5 |     1 ||     6
       Potion            |       |     4 ||     4
  Eat: Bread ration      |     1 |       ||     1
Armor: Scale mail        |    83 |    54 ||   137
Dodge: Dodged            |    39 |    22 ||    61
Block: Shield            |    86 |    50 ||   136
